 Dungeon Crawl Stone Soup version 0.19-a0-1051-gdb7e7f8 (webtiles) character file.

1360 Jmtri7 the Nimble (level 8, 0/68 HPs)
             Began as a Deep Dwarf Monk on Aug 2, 2016.
             Was a Follower of Elyvilon.
             Slain by an orc warrior
             ... wielding a +0 battleaxe
              (17 damage)
             ... on level 6 of the Dungeon.
             The game lasted 00:19:46 (4273 turns).

Jmtri7 the Nimble (Deep Dwarf Monk)                 Turns: 4273, Time: 00:19:48

Health: 0/68       AC: 10    Str: 17    XL:     8   Next: 37%
Magic:  6/6        EV:  7    Int: 10    God:    Elyvilon [*.....]
Gold:   53         SH:  0    Dex: 16    Spells: 0 memorised, 7 levels left

rFire  . . .     SeeInvis .     y - +0 hand axe
rCold  . . .     Gourm    .     o - +0 chain mail
rNeg   . . .     Faith    .     (no shield)
rPois  .         Spirit   .     (no helmet)
rElec  .         Dismiss  .     (no cloak)
rCorr  .         Reflect  .     (no gloves)
SustAt .         Harm     .     (no boots)
MR     +....                    (no amulet)
Stlth  ..........               (no ring)
                                q - ring of stealth

@: non-regenerating, somewhat resistant to hostile enchantments, extremely
unstealthy
A: damage resistance, recharge devices, sense surroundings 1, slow regeneration
3
a: Device Recharging, Lesser Healing, Divine Protection, Renounce Religion


You were on level 6 of the Dungeon.
You worshipped Elyvilon.
Elyvilon was aware of your devotion.
You were near starving.

You visited 1 branch of the dungeon, and saw 6 of its levels.

You collected 353 gold pieces.
You spent 300 gold pieces at shops.

Inventory:

Hand Weapons
 f - a +0 vampiric falchion
 y - a +0 hand axe (weapon)
Armour
 o - a +0 chain mail (worn)
Jewellery
 q - a ring of stealth (left hand)
 E - a cursed amulet of inaccuracy {unknown}
Wands
 c - a wand of heal wounds (0/9)
 x - a wand of heal wounds (0/9)
Scrolls
 b - 2 scrolls of fear {unknown}
 e - 3 scrolls of magic mapping {unknown}
 h - 5 scrolls of identify {unknown}
 i - 5 scrolls of teleportation {unknown}
 j - 2 scrolls of noise {unknown}
 k - 2 scrolls of enchant armour {unknown}
 n - 3 scrolls of immolation {unknown}
 p - 2 scrolls of fog {unknown}
 r - a scroll of recharging {unknown}
 s - 5 scrolls of remove curse {unknown}
 u - a scroll of enchant weapon {unknown}
 w - 2 scrolls of blinking {unknown}
Potions
 a - 2 potions of flight {unknown}
 l - a potion of lignification {unknown}
 m - 2 potions of cure mutation {unknown}
 t - a potion of haste {unknown}
 v - 3 potions of heal wounds {unknown}
 z - a potion of mutation {unknown}
 A - a potion of curing {unknown}
 B - a potion of cancellation {unknown}
 D - a potion of might {unknown}
Comestibles
 d - 7 bread rations
 g - 3 meat rations
 C - 3 fruits
 F - 2 chunks of flesh


   Skills:
 - Level 2.6 Fighting
 - Level 3.2 Axes
 + Level 8.1 Armour
 + Level 8.4 Dodging
 - Level 2.4 Stealth


You had 7 spell levels left.
You didn't know any spells.

Dungeon Overview and Level Annotations

Branches:
Dungeon (6/15)             Temple (0/1) D:6

Altars:
Elyvilon
The Shining One

Shops:
D:5 %


Innate Abilities, Weirdness & Mutations

You are resistant to damage.
You can recharge devices by infusing magical energy.
You passively map a small area around you.
You do not regenerate naturally.


Message History

The black bear bites you but does no damage.
The black bear claws you but does no damage. x2
You hit the orc.
You kill the orc!
You hit the black bear but do no damage.
You hit the orc warrior but do no damage.
The orc warrior misses you. The black bear misses you.
The black bear closely misses you. The black bear misses you.
The orc warrior barely misses you.
The black bear completely misses you. x2
The black bear claws you but does no damage.
There is a staircase to the Ecumenical Temple here.
Things that are here:
a falchion; a chain mail; an orc corpse The black bear bites you but does no damage.
The black bear claws you.
* * * LOW HITPOINT WARNING * * *
The black bear claws you.
* * * LOW HITPOINT WARNING * * *
The orc warrior hits you with a battleaxe!!
You die...

############
.....#.....## *
............##
.............#
.............#
.............# *,
......h@)....# #......
......o......#####......
......).................
.............### #......
...........#######......
.####.##...####.........
####.####..##..##......
, *
........[.......#......
,####.##########.).#####


You could see an orc warrior and a black bear.

Vanquished Creatures
  The ghost of Lasty the Quickloader, a novice OpAM (D:6)
  Eustachio (D:4)
  A centaur (D:5)
  An ogre (D:5)
  2 scorpions
  5 hounds
  A giant frog skeleton (D:5)
  An orc priest (D:6)
  A jelly (D:5)
  3 orc wizards
  An iguana (D:5)
  2 worker ants (D:6)
  Terence (D:3)
  7 adders
  2 oozes
  An adder zombie (D:5)
  4 worms
  2 dart slugs
  3 giant geckos
  9 orcs
  5 giant cockroaches
  4 goblins
  8 hobgoblins
  6 jackals
  4 quokkas
  2 ball pythons
  8 bats
  A giant cockroach zombie (D:5)
  A giant gecko zombie (D:6)
  3 giant newts
  A jackal skeleton (D:4)
  9 kobolds
  7 rats
108 creatures vanquished.

Notes
Turn   | Place    | Note
-------+----------+-------------------------------------------
     0 | D:1      | Jmtri7 the Deep Dwarf Monk began the quest for the Orb.
     0 | D:1      | Reached XP level 1. HP: 20/20 MP: 1/1
    27 | D:1      | Reached skill level 1 in Armour
   150 | D:1      | Reached XP level 2. HP: 10/27 MP: 2/2
   688 | D:1      | Reached XP level 3. HP: 14/33 MP: 3/3
  1576 | D:3      | Reached XP level 4. HP: 29/40 MP: 4/4
  1834 | D:3      | Reached XP level 5. HP: 30/46 MP: 5/5
  1894 | D:3      | Noticed Terence
  1925 | D:3      | Killed Terence
  2182 | D:3      | Reached skill level 5 in Dodging
  2539 | D:4      | Noticed Eustachio
  2594 | D:4      | Killed Eustachio
  2594 | D:4      | Reached skill level 5 in Armour
  2594 | D:4      | Reached XP level 6. HP: 34/55 MP: 6/6
  3150 | D:5      | Entered Level 5 of the Dungeon
  3187 | D:5      | Found Fiureawn's Food Shoppe.
  3192 | D:5      | Bought a bread ration for 60 gold pieces
  3192 | D:5      | Bought a bread ration for 60 gold pieces
  3192 | D:5      | Bought a bread ration for 60 gold pieces
  3192 | D:5      | Bought a bread ration for 60 gold pieces
  3192 | D:5      | Bought a bread ration for 60 gold pieces
  3209 | D:5      | Reached XP level 7. HP: 31/61 MP: 5/5
  3498 | D:5      | Found a white marble altar of Elyvilon.
  3851 | D:5      | You fall through a shaft!
  3866 | D:6      | Found a glowing golden altar of the Shining One.
  3919 | D:6      | Noticed Lasty's ghost (novice OpAM)
  3969 | D:6      | Killed Lasty's ghost
  3969 | D:6      | Reached XP level 8. HP: 23/68 MP: 6/6
  4100 | D:5      | Became a worshipper of Elyvilon the Healer
  4100 | D:5      | Reached * piety under Elyvilon
  4100 | D:5      | Reached ** piety under Elyvilon
  4223 | D:6      | Found a staircase to the Ecumenical Temple.
  4273 | D:6      | Slain by an orc warrior

Vault maps used:
D:1:      evilmike_arrival_plus, minmay_misc_feat_room, st_stairs_10
D:3:      uniq_terence
D:4:      first_bread, kennysheep_dice, uniq_eustachio
D:5:      basic_altar, serial_shops, nicolae_shop_waterfront
D:6:      lemuel_doored_altar, basic_altar, grunt_ministairs_1

Skill      XL: |  1  2  3  4  5  6  7  8 |
---------------+-------------------------+-----
Armour         | 1 2 3 4 5 6 7 8 |  8.1
Dodging        | 4 5 6 8 |  8.4
Fighting       | |  2.6
Axes           | |  3.2
Stealth        | |  2.4

Action                   |  1- 3 |  4- 6 |  7- 9 || total
-------------------------+-------+-------+-------++-------
Melee: Hand axe          |   150 |   119 |    54 ||   323
       Flail             |       |    77 |       ||    77
       Falchion          |       |   117 |   195 ||   312
Invok: Lesser Healing    |       |       |     6 ||     6
 Abil: Device Recharging |       |     2 |       ||     2
Evoke: Wand              |     2 |     3 |     7 ||    12
 Stab: Sleeping          |     4 |       |       ||     4
  Eat: Chunk             |     2 |     5 |     4 ||    11
       Beef jerky        |       |     2 |       ||     2
       Fruit             |       |     1 |       ||     1
       Pizza             |       |     1 |       ||     1
Armor: Robe              |     6 |       |       ||     6
       Ring mail         |    32 |       |       ||    32
       Chain mail        |    23 |   161 |   163 ||   347
Dodge: Dodged            |    77 |   172 |   188 ||   437
